 Dungeon Crawl Stone Soup version 0.27.1-3-gb3d3a73c9e (webtiles) character file.

Game seed: 16764919081396283257

33 belegose the Skirmisher (level 3, 0/31 HPs)
             Began as a Palentonga Abyssal Knight on Oct 5, 2021.
             Was a Follower of Lugonu.
             Succumbed to a kobold's poison
             ... on level 1 of the Dungeon.
             The game lasted 00:02:17 (868 turns).

belegose the Skirmisher (Palentonga Abyssal Knight)  Turns: 868, Time: 00:02:18

Health: 0/31       AC:  4    Str: 16    XL:     3   Next: 12%
Magic:  5/5        EV:  8    Int: 12    God:    Lugonu [*.....]
Gold:   32         SH:  3    Dex:  9    Spells: 2/2 levels left

rFire    . . .     SeeInvis +   a - +1 hand axe
rCold    . . .     Faith    .   g - +0 buckler
rNeg     . . .     Spirit   .   b - +0 leather armour
rPois    .         Reflect  .   (no helmet)
rElec    .         Harm     .   (no cloak)
rCorr    .         Rampage  .   (no gloves)
Will     .....                  (no barding)
Stlth    +.........             (no amulet)
HPRegen  0.10/turn              (no ring)
MPRegen  0.09/turn              (no ring)

@: lethally poisoned (0 -> -22)
A: large, rugged brown scales 3, see invisible, deformed body, roll 1, armoured
tail
a: Rolling Charge, Renounce Religion, Depart the Abyss


You were on level 1 of the Dungeon.
You worshipped Lugonu.
Lugonu was aware of your devotion.
You visited 1 branch of the dungeon, and saw 1 of its levels.
You visited the Abyss 1 time.

You collected 32 gold pieces.

Inventory:

Hand Weapons
 a - a +1 hand axe (weapon)
Missiles
 c - 60 stones
 d - 21 bolts
Armour
 b - a +0 leather armour (worn)
 g - a +0 buckler (worn)
Scrolls
 e - a scroll of vulnerability {unknown}
Potions
 f - a potion of heal wounds {unknown}


   Skills:
 + Level 3.2 Fighting
 + Level 2.3 Axes
 + Level 2.0 Armour
 - Level 0.7 Dodging
 + Level 0.0 Shields
 + Level 2.7 Invocations


You had 2 spell levels left.
You didn't know any spells.
Your spell library was empty.

Dungeon Overview and Level Annotations

Branches:
Dungeon (1/15)

Altars:


Innate Abilities, Weirdness & Mutations

You are completely covered in rugged brown scales. (AC +3, +7% HP)
You have supernaturally acute eyesight. (SInv)
Armour fits poorly on your strangely shaped body.
You can roll at nearby foes to attack.
You have a long armoured tail.


Message History

You kill the goblin!
Lugonu accepts your kill.
No target in view!
No target in view!
No target in view!
Found 7 gold pieces.
You now have 32 gold pieces (gained 7).
A kobold comes into view. It is wielding a +0 whip.
The kobold shouts!
You hit the kobold.
You kill the kobold!
Lugonu accepts your kill.
You see here a +0 whip.
A kobold comes into view.
It is wielding a +2 short sword of venom.
The kobold shouts!
You block the kobold's attack.
You barely miss the kobold.
The kobold hits you with a +2 short sword of venom.
You are poisoned.
You miss the kobold.
Your tail-slap misses the kobold.
You feel very sick. The kobold closely misses you.
You block the kobold's attack.
You closely miss the kobold.
You feel sick.
The kobold hits you with a +2 short sword of venom.
You miss the kobold.
You feel sick. The kobold barely misses you.
You barely miss the kobold.
You feel sick. The kobold hits you but does no damage.
You are more poisoned.
You closely miss the kobold.
You feel very sick.
The kobold hits you with a +2 short sword of venom.
You are lethally poisoned!
The kobold hits you but does no damage.
You are more poisoned.
You hit the kobold.
You kill the kobold!
Lugonu accepts your kill.
* * * LOW HITPOINT WARNING * * *
You feel extremely sick.
You die...

.#.##..###.##.##.#
.#†##..# #.......#
.#.#.#.###.#.###.#
.#..##.....#.# #.#
......##.###.###.#
....#.#..........#
####...#####.###.#
##.... ..# #.#
###### ### #@# #.#
#.# ..# ###


There were no monsters in sight!

Vanquished Creatures
  A dart slug (D:1)
  4 endoplasms (D:1)
  A giant cockroach (D:1)
  4 goblins (D:1)
  2 hobgoblins (D:1)
  5 jackals (D:1)
  A ball python (D:1)
  2 bats (D:1)
  A frilled lizard (D:1)
  5 kobolds (D:1)
26 creatures vanquished.

Notes
Turn   | Place    | Note
-------+----------+-------------------------------------------
     0 | Abyss:1  | belegose the Palentonga Abyssal Knight began the quest for
                  | the Orb.
     0 | Abyss:1  | Reached XP level 1. HP: 19/19 MP: 2/2
    51 | Abyss:1  | Noticed a raiju
    53 | D:1      | Escaped the Abyss
   416 | D:1      | Reached XP level 2. HP: 25/25 MP: 3/3
   431 | D:1      | Reached * piety under Lugonu
   718 | D:1      | Reached XP level 3. HP: 27/31 MP: 4/4
   868 | D:1      | Succumbed to a kobold's poison

Illustrated notes

Levels and vault maps discovered:
D:1:      lemuel_arrival_tunnels, layout_loops_ring

Skill      XL: |  1  2 |
---------------+-------+-----
Armour         | 2 |  2.0
Fighting       | |  3.2
Axes           | |  2.3
Dodging        | |  0.7
Invocations    | |  2.7

Action                   || total
-------------------------++-------
Melee: Hand axe          ||    65
       Tailslap          ||     7
Invok: Depart the Abyss  ||     1
Armor: Leather armour    ||    24
Dodge: Dodged            ||    35
Block: Buckler           ||     2
